 Dungeon Crawl Stone Soup version 0.16-a0-3533-gc382f62 (webtiles) character file.

80 Pikaro the Insei (level 4, 0/28 HPs)
             Began as an Octopode Transmuter on Jan 7, 2015.
             Succumbed to an adder's poison
             ... on level 2 of the Dungeon.
             The game lasted 00:07:10 (3112 turns).

Pikaro the Insei (Octopode Transmuter)              Turns: 3112, Time: 00:07:10

Health: 0/28       AC:  1    Str:  9    XL:     4   Next: 39%
Magic:  7/7        EV: 12    Int: 16    God:
Gold:   101        SH:  0    Dex: 15    Spells: 2 memorised, 4 levels left

rFire  . . .     SeeInvis .       - Unarmed
rCold  + . .     Clarity  .     (no shield)
rNeg   . . .     SustAb   .     (helmet restricted)
rPois  .         Gourm    .     i - amulet of rage {+Rage, !d}
rElec  .         Spirit   .     g - ring of protection from cold {rC+, !d}
rCorr  .         Warding  .     f - +3 ring of dexterity
rMut   .         Stasis   .     (no ring)
MR     .....                    (no ring)
Stlth  ++........               (no ring)
                                (no ring)
                                (no ring)
                                (no ring)

@: lethally poisoned, appendage (expiring), not resistant to hostile
enchantments, unstealthy
A: almost no armour, amphibious, 8 rings, constrict 8, tentacle spike 3,
camouflage 1, gelatinous body 1
a: End Transformation, Evoke Berserk Rage


You were on level 2 of the Dungeon.
You were not hungry.
One of your tentacles had a temporary spike.
You visited 1 branch of the dungeon, and saw 2 of its levels.

You collected 101 gold pieces.

Inventory:

Missiles
 b - 30 arrows
Jewellery
 f - a +3 ring of dexterity (right tentacle)
   (You found it on level 2 of the Dungeon)
 g - a ring of protection from cold (left tentacle) {rC+, !d}
   (You found it on level 1 of the Dungeon)
 i - an amulet of rage (around mantle) {+Rage, !d}
   (You found it on level 1 of the Dungeon)
Scrolls
 a - a scroll of recharging {unknown}
 c - 2 scrolls of identify {unknown}
 e - a scroll of enchant armour
Books
 d - a book of Changes
Comestibles
 j - 2 meat rations {@e2}


   Skills:
 - Level 1.0 Fighting
 - Level 2.0 Dodging
 + Level 4.0 Unarmed Combat
 - Level 2.0 Spellcasting
 + Level 3.5 Transmutations


You had 4 spell levels left.
You knew the following spells:

 Your Spells              Type           Power        Failure   Level  Hunger
A - Beastly Appendage     Trmt           ##....       6%          1    #......
B - Sticks to Snakes      Trmt           ##........   10%         2    ###....


Dungeon Overview and Level Annotations

Branches:
Dungeon (2/15)

Altars:
Fedhas
Kikubaaqudgha
Ru
Trog


Innate Abilities, Weirdness & Mutations

You cannot wear most types of armour.
You are amphibious.
You can wear up to eight rings at the same time.
You can use your tentacles to constrict many enemies at once.
Your skin changes colour to match your surroundings (Stealth).
Your rubbery body absorbs attacks (AC +1).
One of your tentacles bears a large vicious spike.


Message History

The bat closely misses you.
You miss the bat. Your grab misses the bat. The bat closely misses you.
The bat closely misses you. The bat hits you. The bat barely misses you.
You tentacle-slap the bat.
You kill the bat!
The hobgoblin barely misses you.
You barely miss the hobgoblin. You grab the hobgoblin.
You squeeze the hobgoblin.
You constrict the hobgoblin, but do no damage.
The hobgoblin hits you.
You take 5 damage, and have 17/28 hp.
You tentacle-slap the hobgoblin.
You kill the hobgoblin!
You start resting.
You regained 9 hp, and now have 26/28 hp.
You start resting.
Health restored: 28 Total turns waited: 116 A quokka skeleton comes into view.
You see here a scroll labeled FURRYOQ NAPNO.
The helpless quokka skeleton fails to defend itself.
You bludgeon the quokka skeleton!
You destroy the quokka skeleton!
c - 2 scrolls labeled FURRYOQ NAPNO (gained 1)
a - a scroll labeled GRUATZOOFU A kobold comes into view.
The kobold shouts!
The kobold throws a stone.
The stone hits you but does no damage.
You see here a stone.
The kobold closely misses you.
You tentacle-slap the kobold.
You kill the kobold! a stone; a kobold corpse
Found a sacrificial altar of Ru.
A goblin comes into view. It is wielding a dagger.
The goblin shouts!
An adder comes into view.
Spoiler Alert: The adder (wandering) is fast and can poison!
Spoiler Alert: The adder is fast and can poison!
The adder barely misses you. The goblin barely misses you. The adder bites you.
You are poisoned.
The adder poisons you!
You take 4 damage, and have 24/28 hp.
One of your tentacles grows a vicious spike.
You feel sick. The adder bites you.
You are more poisoned.
The adder poisons you! The goblin hits you but does no damage.
You take 4 damage, and have 20/28 hp.
You now have 6/7 mp.
Spoiler Alert: The adder is fast and can poison!
You tentacle-slap the adder but do no damage.
Your grab misses the adder.
You pierce the adder, but do no damage.
Your squeeze misses the adder. The adder bites you.
The goblin closely misses you.
You take 3 damage, and have 17/28 hp.
You closely miss the adder. Your grab misses the adder.
You pierce the adder.
You feel sick. The adder closely misses you. The goblin closely misses you.
The adder barely misses you.
You take 1 damage, and have 16/28 hp.
Spoiler Alert: The adder is fast and can poison!
You bludgeon the adder! Your grab misses the adder.
Your squeeze misses the adder. The adder bites you.
The goblin hits you with a dagger.
You take 2 damage, and have 14/28 hp.
You tentacle-slap the adder. Your grab misses the adder.
You feel sick. The adder closely misses you. The goblin closely misses you.
You take 1 damage, and have 13/28 hp.
Spoiler Alert: The adder is fast and can poison!
You miss the adder. Your grab misses the adder. The adder closely misses you.
The goblin hits you with a dagger.
You take 2 damage, and have 11/28 hp.
You tentacle-slap the adder.
You kill the adder!
The goblin hits you with a dagger.
* * * LOW HITPOINT WARNING * * *
You take 3 damage, and have 8/28 hp.
You closely miss the goblin. Your grab misses the goblin.
You feel sick.
You take 1 damage, and have 7/28 hp.
You tentacle-slap the goblin. Your grab misses the goblin.
You pierce the goblin.
Your squeeze misses the goblin. The goblin hits you with a dagger.
* * * LOW HITPOINT WARNING * * *
You take 5 damage, and have 2/28 hp.
You bludgeon the goblin!
You kill the goblin!
You aren't carrying any potions.
MP restored: 7
* * * LOW HITPOINT WARNING * * *
You feel sick.
Your transformation is almost over.
* * * LOW HITPOINT WARNING * * *
You feel sick.
You take 1 damage, and have 1/28 hp.
You see here a bronze ring.
f - a bronze ring Put on which piece of jewellery? (? for menu, Esc to quit)
You feel agile.
f - a +3 ring of dexterity (right tentacle)
You die...

#.....######..
...#
#..(...........
###..
#......#######
... ##.###.# ###
.... #.# #.# #..
. #.# #.# #.# #.#
#.# #.# #.#
#.###.###
#.###.#..@..#
##.....#.....#
####............#
#.........#.....#
#...>.....#.....#
#.._..)†..#######
#.........#
###.....###
#.....#


There were no monsters in sight!

Vanquished Creatures
  2 adders (D:2)
  A worm (D:2)
  A giant mite (D:2)
  A ball python (D:1)
  6 bats
  3 giant cockroaches
  7 goblins
  7 hobgoblins
  2 jackals (D:1)
  6 giant newts
  6 kobolds
  A quokka skeleton (D:2)
  2 rats
45 creatures vanquished.

Notes
Turn   | Place    | Note
--------------------------------------------------------------
     0 | D:1      | Pikaro, the Octopode Transmuter, began the quest for the Orb.
     0 | D:1      | Reached XP level 1. HP: 13/13 MP: 3/3
   149 | D:1      | HP: 1/13 [giant newt (3)]
   512 | D:1      | Reached XP level 2. HP: 15/18 MP: 2/4
   521 | D:1      | Learned a level 2 spell: Sticks to Snakes
   858 | D:1      | You fall through a shaft!
  1026 | D:1      | Reached XP level 3. HP: 17/23 MP: 6/6
  2203 | D:2      | Reached skill level 3 in Transmutations
  2326 | D:2      | HP: 5/23 [poisoned by an adder]
  2327 | D:2      | Found a bloodstained altar of Trog.
  2328 | D:2      | Found an ancient bone altar of Kikubaaqudgha.
  2335 | D:2      | HP: 4/23 [poisoned by an adder]
  2341 | D:2      | HP: 3/23 [poisoned by an adder]
  2347 | D:2      | HP: 2/23 [poisoned by an adder]
  2353 | D:2      | HP: 2/23 [poisoned by an adder]
  2673 | D:2      | Reached XP level 4. HP: 13/28 MP: 5/7
  2883 | D:2      | Found a blossoming altar of Fedhas.
  2906 | D:2      | Reached skill level 4 in Unarmed Combat
  3086 | D:2      | Found a sacrificial altar of Ru.
  3100 | D:2      | HP: 7/28 [poisoned by an adder]
  3101 | D:2      | HP: 2/28 [goblin/dagger (5)]
  3108 | D:2      | HP: 1/28 [poisoned by an adder]
  3112 | D:2      | Succumbed to an adder's poison

Action                   |  1- 3 |  4- 6 || total
-------------------------+-------+-------++-------
Melee: Unarmed           |    79 |    21 ||   100
 Cast: Beastly Appendage |     5 |     1 ||     6
  Use: Scroll            |     2 |       ||     2
       Potion            |     2 |       ||     2
 Stab: Sleeping          |     2 |     2 ||     4
  Eat: Chunk             |     3 |       ||     3
       Bread ration      |     1 |       ||     1

Vault maps used:
D:1:      evilmike_arrival_plus, minmay_misc_feat_cross, minmay_misc_feat_chi,
          minmay_close_crescents
D:2:      overflow_temple_1_default, fedhas_altar_1,
          gammafunk_temple_overflow_statue, serial_undead, serial_undead_a,
          serial_undead_f, serial_undead_d, serial_undead_e

Table legend:
 A = Turns spent in this place as a percentage of turns spent in the entire game.
 B = Non-inter-level travel turns spent in this place as a percentage of non-inter-level travel turns spent in the entire game.
 C = Inter-level travel turns spent in this place as a percentage of turns spent in this place.
 D = Turns resting spent in this place as a percentage of non-inter-level travel turns spent in this place.
 E = Turns spent auto-exploring this place as a percentage of non-inter-level travel turns spent in this place.
 F = Non-inter-level travel turns spent in this place divided by the number of levels of this place that you've seen.
                   A       B       C       D       E      F
               +-------+-------+-------+-------+-------+----------------------
         Total | 100.0 | 100.0 |   0.4 |  10.6 |   7.9 | 241.0
       Dungeon | 100.0 | 100.0 |   0.4 |  10.6 |   7.9 | 241.0
               +-------+-------+-------+-------+-------+----------------------

Table legend:
 A = Kills in this place as a percentage of kills in entire the game.
 B = Kills by you in this place as a percentage of kills by you in the entire game.
 C = Kills by friends in this place as a percentage of kills by friends in the entire game.
 D = Other kills in this place as a percentage of other kills in the entire game.
 E = Experience gained in this place as a percentage of experience gained in the entire game.
 F = Experience gained in this place divided by the number of levels of this place that you have seen.
                   A       B       C       D       E      F
               +-------+-------+-------+-------+-------+----------------------
         Total | 100.0 | 100.0 |  -nan |  -nan | 100.0 |  57.5
       Dungeon | 100.0 | 100.0 |  -nan |  -nan | 100.0 |  57.5
               +-------+-------+-------+-------+-------+----------------------
